 Dungeon Crawl Stone Soup version 0.21.1-1-g345015f (webtiles) character file.

989 infcreate the Chopper (level 7, -2/61 HPs)
             Began as a Minotaur Fighter on May 18, 2018.
             Was a Follower of Trog.
             Slain by an orc warrior
             ... wielding a +0 glaive
              (14 damage)
             ... on level 6 of the Dungeon.
             The game lasted 00:18:17 (3669 turns).

infcreate the Chopper (Minotaur Fighter)            Turns: 3669, Time: 00:18:18

Health: -2/61      AC: 10    Str: 19 (22) XL:     7   Next: 98%
Magic:  6/6        EV:  6    Int:  3 (5)  God:    Trog [*.....]
Gold:   218        SH: 10    Dex: 10      Spells: 6/6 levels left

rFire    . . .     SeeInvis .   a - +0 war axe
rCold    + . .     Gourm    .   c - +0 shield
rNeg     . . .     Faith    .   l - +0 chain mail
rPois    .         Spirit   .   (helmet restricted)
rElec    .         Reflect  .   (no cloak)
rCorr    .         Harm     .   (no gloves)
MR       +....                  (no boots)
Stlth    ..........             (no amulet)
HPRegen  0.20/turn              q - ring of protection from cold
MPRegen  0.10/turn              w - ring of protection from magic

@: no status effects
A: retaliatory headbutt, horns 2
a: Berserk, Burn Spellbooks, Renounce Religion


You were on level 6 of the Dungeon.
You worshipped Trog.
Trog was aware of your devotion.
You were not hungry.

You visited 2 branches of the dungeon, and saw 7 of its levels.

You collected 218 gold pieces.

Inventory:

Hand Weapons
 a - a +0 war axe (weapon)
Armour
 c - a +0 shield (worn)
 l - a +0 chain mail (worn)
Jewellery
 q - a ring of protection from cold (left hand)
 w - a ring of protection from magic (right hand)
Scrolls
 e - 8 scrolls of identify
 g - a scroll of fog
 n - a scroll of amnesia
 o - 2 scrolls of teleportation
 p - a scroll of blinking {unknown}
 s - 2 scrolls of fear {unknown}
 t - 2 scrolls of enchant armour {unknown}
 v - 2 scrolls of enchant weapon {unknown}
Potions
 b - a potion of ambrosia
 d - a potion of might
 h - a potion of haste
 i - 2 potions of mutation {unknown}
 j - a potion of lignification
 k - a potion of berserk rage {unknown}
 m - a potion of magic {unknown}
 r - a potion of flight {unknown}
 u - 2 potions of agility {unknown}
Comestibles
 f - 9 rations


   Skills:
 + Level 5.3 Fighting
 + Level 7.5 Axes
 + Level 5.8 Armour
 + Level 2.1 Dodging
 + Level 6.2 Shields


You had 6 spell levels left.
You didn't know any spells.

Dungeon Overview and Level Annotations

Branches:
Dungeon (6/15)             Temple (1/1) D:4

Altars:
Cheibriados
Dithmenos
Elyvilon
Gozag
Hepliaklqana
Kikubaaqudgha
Makhleb
Okawaru
Sif Muna
Trog
Vehumet
Xom
Zin
The Shining One


Innate Abilities, Weirdness & Mutations

You reflexively headbutt those who attack you in melee.
You have a pair of horns on your head.


Message History

The orc warrior hits you from afar with a glaive!!
You are too injured to fight recklessly!
You are too injured to fight recklessly!
You hit the orc priest. You headbutt the orc priest.
The orc priest is almost dead.
The orc priest hits you but does no damage.
The orc warrior hits you from afar with a glaive.
You barely miss the orc priest.
The orc priest is almost dead.
You block the orc priest's attack. You block the orc warrior's attack.
The orc priest looks braver for a moment.
You barely miss the orc priest.
The orc priest is severely wounded.
A magic dart appears from out of thin air!
The magic dart hits you!
* * * LOW HITPOINT WARNING * * *
The orc priest hits you with a short sword.
* * * LOW HITPOINT WARNING * * *
The orc warrior hits you from afar with a glaive!
You die...

..[(.. ...:#
##..#.###...#
#...#.##....# .##
#####.#....#...## ##.##
......#.........# #...#
................# #...##
...(.....†......# #....#
...#@........####..##
......o$#.##.....#......
......o#...#...#.†......
.<.....#............#...
...........#/...........
......####....#.##......
...... ##.#.#.##[.....
#..### #.#...>#...#..
...##....#.###


You could see an orc warrior and an orc priest.

Vanquished Creatures
  Duvessa (D:4)
  A phantom (D:4)
  A black bear (D:6)
  Dowan (D:4)
  A scorpion (D:4)
  2 crimson imps (D:5)
  A jelly (D:5)
  A bullfrog skeleton (D:4)
  An orc priest (D:5)
  5 orc wizards
  An iguana (D:4)
  2 worker ants (D:6)
  4 gnolls (D:5)
  9 adders
  2 oozes
  2 worms
  A dart slug (D:2)
  4 leopard geckos
  20 orcs
  2 ball pythons
  2 bats (D:2)
  7 giant cockroaches
  7 goblins
  5 hobgoblins
  7 jackals
  3 quokkas
  3 frilled lizards
  7 kobolds
  A leopard gecko skeleton (D:4)
  5 rats
109 creatures vanquished.

Vanquished Creatures (others)
  5 toadstools (D:1)
5 creatures vanquished.

Grand Total: 114 creatures vanquished

Notes
Turn   | Place    | Note
-------+----------+-------------------------------------------
     0 | D:1      | infcreate the Minotaur Fighter began the quest for the Orb.
     0 | D:1      | Reached XP level 1. HP: 19/19 MP: 0/0
   112 | D:1      | Reached XP level 2. HP: 24/27 MP: 1/1
   505 | D:2      | Reached XP level 3. HP: 32/33 MP: 2/2
   691 | D:2      | Reached skill level 3 in Axes
  1060 | D:2      | Reached XP level 4. HP: 40/40 MP: 3/3
  1311 | D:3      | Reached skill level 1 in Dodging
  1315 | D:3      | Found a glowing silver altar of Zin.
  1316 | D:3      | Found an iron altar of Okawaru.
  1344 | D:3      | Found an ancient bone altar of Kikubaaqudgha.
  1493 | D:3      | Reached skill level 4 in Axes
  1503 | D:3      | Reached XP level 5. HP: 31/46 MP: 4/4
  2138 | D:4      | Reached skill level 5 in Axes
  2311 | D:4      | Noticed a phantom
  2319 | D:4      | Reached XP level 6. HP: 41/53 MP: 5/5
  2325 | D:4      | Reached skill level 5 in Shields
  2340 | D:4      | Reached skill level 5 in Armour
  2381 | D:4      | Noticed Duvessa
  2382 | D:4      | Noticed Dowan
  2398 | D:4      | Killed Duvessa
  2398 | D:4      | Reached skill level 6 in Axes
  2398 | D:4      | Reached XP level 7. HP: 29/60 MP: 6/6
  2399 | D:4      | Killed Dowan
  2549 | D:4      | Found a staircase to the Ecumenical Temple.
  2560 | Temple   | Entered the Ecumenical Temple
  2565 | Temple   | Became a worshipper of Trog the Wrathful
  2746 | D:5      | Entered Level 5 of the Dungeon
  2748 | D:5      | Found a deep blue altar of Sif Muna.
  2869 | D:5      | Reached skill level 5 in Fighting
  3135 | D:5      | Reached skill level 7 in Axes
  3239 | D:5      | Found a shadowy altar of Dithmenos.
  3524 | D:6      | Found a shimmering altar of Xom.
  3525 | D:6      | Found a shimmering altar of Xom.
  3525 | D:6      | Found a shimmering altar of Xom.
  3526 | D:6      | Found a shimmering altar of Xom.
  3526 | D:6      | Found a shimmering altar of Xom.
  3526 | D:6      | Found a shimmering altar of Xom.
  3526 | D:6      | Found a shimmering altar of Xom.
  3527 | D:6      | Found a shimmering altar of Xom.
  3648 | D:6      | Reached * piety under Trog
  3669 | D:6      | Slain by an orc warrior

Skill      XL: |  1  2  3  4  5  6  7 |
---------------+----------------------+-----
Armour         | 4 5 |  5.8
Fighting       | 4 5 |  5.3
Shields        | 4 5 6 |  6.2
Axes           | 3 4 5 6 7 |  7.5
Dodging        | 1 2 |  2.1

Action                   |  1- 3 |  4- 6 |  7- 9 || total
-------------------------+-------+-------+-------++-------
Melee: War axe           |    75 |   140 |   105 ||   320
       Headbutt          |     9 |    24 |    21 ||    54
  Use: Scroll            |       |       |     6 ||     6
       Potion            |       |       |     1 ||     1
  Eat: Chunk             |     1 |     4 |     4 ||     9
Armor: Scale mail        |    27 |       |       ||    27
       Chain mail        |    13 |    65 |    51 ||   129
Dodge: Dodged            |    24 |    40 |    26 ||    90
Block: Shield            |    36 |    72 |    45 ||   153
